3L
D.C. DIVIDED @ AUSTIN RANGERS
06/23/2023
 
TOP OF THE 1ST
D.C. Divided batting - Pitching for Austin Rangers : RHP Juan Valéncia
Pitching: RHP Juan Valéncia
Batting: LHB Brad Elmore 0-0: Called Strike
0-1: SOLO HOME RUN (Flyball, 9LD), Distance : 363 ft
Batting: RHB Duncan Thomas 0-0: Called Strike
0-1: Ground out 6-3 (Groundball, 6)
Batting: LHB Ray Sears 0-0: Foul Ball, location: 2F
0-1: Fly out, F6 (Popup, 6D)
Batting: LHB Mike Gardner 0-0: Called Strike
0-1: Swinging Strike
0-2: SINGLE (Line Drive, 8LM)
Batting: RHB Miguel Silva 0-0: Ball
1-0: Ball
2-0: Ball
3-0: Called Strike
3-1: Called Strike
3-2: Foul Ball, location: 2F
3-2: SINGLE (Flyball, 89S)
Mike Gardner to second
Mike Gardner to third
Batting: LHB Charles Mathes 0-0: Called Strike
0-1: Fly out, F4 (Popup, 4M)
Top of the 1st over - 1 run(s), 3 hit(s), 0 error(s), 2 left on base; D.C. 1 - Austin 0
BOTTOM OF THE 1ST
Austin Rangers batting - Pitching for D.C. Divided : RHP Neil Gilliam
Pitching: RHP Neil Gilliam
Batting: RHB Tony Hernández 0-0: Ball
1-0: Called Strike
1-1: Bunted foul
1-2: Strikes out looking
Batting: RHB Manny Freitas 0-0: Ball
1-0: Ball
2-0: Foul Ball, location: 2F
2-1: Called Strike
2-2: Fly out, F7 (Flyball, 7S)
Batting: SHB Carlos Kramer 0-0: Called Strike
0-1: Ball
1-1: Fly out, F7 (Flyball, 78M)
Bottom of the 1st over - 0 run(s), 0 hit(s), 0 error(s), 0 left on base; D.C. 1 - Austin 0
TOP OF THE 2ND
D.C. Divided batting - Pitching for Austin Rangers : RHP Juan Valéncia
Batting: LHB Keith Bridges 0-0: SINGLE (Line Drive, 8RS)
Batting: LHB Jorge Aicón Pickoff Throw to First - Out!
0-0: Ball
1-0: Called Strike
1-1: Fly out, F8 (Flyball, 8RM)
Batting: RHB Cristo González 0-0: Called Strike
0-1: Called Strike
0-2: Strikes out swinging
Top of the 2nd over - 0 run(s), 1 hit(s), 0 error(s), 0 left on base; D.C. 1 - Austin 0
BOTTOM OF THE 2ND
Austin Rangers batting - Pitching for D.C. Divided : RHP Neil Gilliam
Batting: LHB Jesús Reyes 0-0: Foul Ball, location: 2F
0-1: Ground out 4-3 (Groundball, 13)
Batting: RHB Jeff Green 0-0: Ball
1-0: Ball
2-0: Ball
3-0: Called Strike
3-1: Fly out, F7 (Line Drive, 7M)
Batting: LHB Motoshige Kitamura 0-0: Ball
1-0: Ball
2-0: Called Strike
2-1: Called Strike
2-2: Ball
3-2: Foul Ball, location: 2F
3-2: Foul Ball, location: 2F
3-2: Base on Balls
Batting: RHB José Muńóz 0-0: Fly out, F7 (Flyball, 78M)
Bottom of the 2nd over - 0 run(s), 0 hit(s), 0 error(s), 1 left on base; D.C. 1 - Austin 0
TOP OF THE 3RD
D.C. Divided batting - Pitching for Austin Rangers : RHP Juan Valéncia
Batting: LHB Brad Elmore 0-0: Ball
1-0: Ball
2-0: Reached on error, E6 (Groundball, 6)
Batting: RHB Duncan Thomas Pickoff Throw to First - Out!
0-0: Called Strike
0-1: Called Strike
0-2: Ground out 1-3 (Groundball, 25)
Batting: LHB Ray Sears 0-0: Foul Ball, location: 2F
0-1: Ball
1-1: SINGLE (Groundball, 34)
Batting: LHB Mike Gardner 0-0: Ball
1-0: Swinging Strike
1-1: Ball
2-1: Ball
3-1: Called Strike
3-2: Foul Ball, location: 2F
3-2: Fly out, F2 (Popup, 2LF)
Top of the 3rd over - 0 run(s), 1 hit(s), 1 error(s), 1 left on base; D.C. 1 - Austin 0
BOTTOM OF THE 3RD
Austin Rangers batting - Pitching for D.C. Divided : RHP Neil Gilliam
Batting: LHB Enrique Sánchez 0-0: Swinging Strike
0-1: Ball
1-1: Ball
2-1: Ground out 4-3 (Groundball, 4M)
Batting: RHB Yuji Ine 0-0: Ground out 6-3 (Groundball, 56)
Batting: RHB Tony Hernández 0-0: Called Strike
0-1: Ball
1-1: Bunt for hit - play at first, batter OUT! 1-3
Bottom of the 3rd over - 0 run(s), 0 hit(s), 0 error(s), 0 left on base; D.C. 1 - Austin 0
TOP OF THE 4TH
D.C. Divided batting - Pitching for Austin Rangers : RHP Juan Valéncia
Batting: RHB Miguel Silva 0-0: Ball
1-0: Foul Ball, location: 2F
1-1: Ball
2-1: Foul Ball, location: 2F
2-2: Strikes out swinging
Batting: LHB Charles Mathes 0-0: Foul Ball, location: 2F
0-1: SINGLE (Groundball, 4MD) (infield hit)
Batting: LHB Keith Bridges 0-0: Ball
1-0: Called Strike
1-1: Ball
Charles Mathes steals 2nd base
2-1: Ground out 6-3 (Groundball, 56)
Batting: LHB Jorge Aicón 0-0: Ground out 4-3 (Groundball, 4)
Top of the 4th over - 0 run(s), 1 hit(s), 0 error(s), 1 left on base; D.C. 1 - Austin 0
BOTTOM OF THE 4TH
Austin Rangers batting - Pitching for D.C. Divided : RHP Neil Gilliam
Batting: RHB Manny Freitas 0-0: Ball
1-0: Foul Ball, location: 2F
1-1: Called Strike
1-2: Ball
2-2: Strikes out looking
Batting: SHB Carlos Kramer 0-0: Fly out, F2 (Popup, 2LF)
Batting: LHB Jesús Reyes 0-0: Foul Ball, location: 2F
0-1: Fly out, F7 (Flyball, 78D)
Bottom of the 4th over - 0 run(s), 0 hit(s), 0 error(s), 0 left on base; D.C. 1 - Austin 0
TOP OF THE 5TH
D.C. Divided batting - Pitching for Austin Rangers : RHP Juan Valéncia
Batting: RHB Cristo González 0-0: Ground out 4-3 (Groundball, 4M)
Batting: LHB Brad Elmore 0-0: Swinging Strike
0-1: Foul Ball, location: 2F
0-2: Ball
1-2: Ball
2-2: Foul Ball, location: 2F
2-2: Foul Ball, location: 2F
2-2: DOUBLE (Line Drive, 5D)
Batting: RHB Duncan Thomas 0-0: Called Strike
0-1: Ground out 6-3 (Groundball, 6)
Batting: LHB Ray Sears 0-0: Fly out, F7 (Flyball, 78S)
Top of the 5th over - 0 run(s), 1 hit(s), 0 error(s), 1 left on base; D.C. 1 - Austin 0
BOTTOM OF THE 5TH
Austin Rangers batting - Pitching for D.C. Divided : RHP Neil Gilliam
Batting: RHB Jeff Green 0-0: Ball
1-0: Foul Ball, location: 2F
1-1: Foul Ball, location: 2F
1-2: Ground out 5-3 (Groundball, 15S)
Batting: LHB Motoshige Kitamura 0-0: Foul Ball, location: 2F
0-1: Ground out 3-1 (Groundball, 34)
Batting: RHB José Muńóz 0-0: Foul Ball, location: 2F
0-1: Ball
1-1: SINGLE (Groundball, 6MD)
Batting: LHB Enrique Sánchez 0-0: Ball
1-0: Fly out, F7 (Flyball, 7S)
Bottom of the 5th over - 0 run(s), 1 hit(s), 0 error(s), 1 left on base; D.C. 1 - Austin 0
TOP OF THE 6TH
D.C. Divided batting - Pitching for Austin Rangers : RHP Juan Valéncia
Batting: LHB Mike Gardner 0-0: Ball
1-0: Foul Ball, location: 2F
1-1: Ball
2-1: Ball
3-1: Base on Balls
Batting: RHB Miguel Silva 0-0: Foul Ball, location: 2F
0-1: Called Strike
0-2: Strikes out swinging
Batting: LHB Charles Mathes 0-0: DOUBLE (Line Drive, 7LM)
Mike Gardner to third
Batting: LHB Keith Bridges 0-0: Intentional Walk
Batting: LHB Jorge Aicón 0-0: Swinging Strike
0-1: Swinging Strike
0-2: Ball
Wild Pitch!
Mike Gardner scores
Charles Mathes to third
Keith Bridges to second
1-2: Strikes out swinging
Batting: RHB Cristo González 0-0: Ball
1-0: Foul Ball, location: 2F
1-1: Ball
2-1: Foul Ball, location: 2F
2-2: Ball
3-2: Base on Balls
Batting: LHB Brad Elmore 0-0: Ball
1-0: Foul Ball, location: 2F
1-1: Ball
2-1: Ball
3-1: SINGLE (Line Drive, 89S)
Charles Mathes scores
Keith Bridges to third
Cristo González to second
Runner from 3rd tries for Home, SAFE, no throw or cutoff
Batting: RHB Duncan Thomas 0-0: Called Strike
0-1: Foul Ball, location: 2F
0-2: Ball
1-2: Ground out 1-3 (Groundball, 13)
Top of the 6th over - 3 run(s), 2 hit(s), 0 error(s), 2 left on base; D.C. 4 - Austin 0
BOTTOM OF THE 6TH
Austin Rangers batting - Pitching for D.C. Divided : RHP Neil Gilliam
Batting: RHB Yuji Ine 0-0: Ball
1-0: Ground out 6-3 (Groundball, 6)
Batting: RHB Tony Hernández 0-0: Ball
1-0: Called Strike
1-1: Ball
2-1: Ball
3-1: Foul Ball, location: 2F
3-2: Foul Ball, location: 2F
3-2: SINGLE (Groundball, 5L)
Batting: RHB Manny Freitas 0-0: Called Strike
0-1: Ball
1-1: Ball
2-1: Foul Ball, location: 2F
2-2: Strikes out swinging
Batting: SHB Carlos Kramer 0-0: Ball
Tony Hernández is caught stealing 2nd base
Bottom of the 6th over - 0 run(s), 1 hit(s), 0 error(s), 0 left on base; D.C. 4 - Austin 0
TOP OF THE 7TH
D.C. Divided batting - Pitching for Austin Rangers : RHP Juan Valéncia
Batting: LHB Ray Sears 0-0: Ball
1-0: Swinging Strike
1-1: Ball
2-1: Ball
3-1: SINGLE (Line Drive, 34D)
Batting: LHB Mike Gardner 0-0: Called Strike
0-1: Foul Ball, location: 2F
0-2: Ball
1-2: Ball
2-2: Foul Ball, location: 2F
2-2: SINGLE (Groundball, 5L)
Ray Sears to second
Batting: RHB Miguel Silva 0-0: Called Strike
0-1: Foul Ball, location: 2F
0-2: Foul Ball, location: 2F
0-2: Ball
1-2: Ball
2-2: DOUBLE (Flyball, 8RXD)
Ray Sears scores
Mike Gardner to third
Pitching: RHP Melvin Richards
Batting: LHB Charles Mathes 0-0: Called Strike
0-1: Swinging Strike
0-2: Strikes out looking
Batting: LHB Keith Bridges 0-0: Called Strike
0-1: Called Strike
0-2: Foul Ball, location: 2F
0-2: DOUBLE (Groundball, 5L)
Mike Gardner scores
Miguel Silva scores
Batting: LHB Jorge Aicón 0-0: Ground out 4-3 (Groundball, 4)
Keith Bridges to third
Batting: RHB Cristo González 0-0: Ball
1-0: Ball
2-0: Fly out, F6 (Popup, 56S)
Top of the 7th over - 3 run(s), 4 hit(s), 0 error(s), 1 left on base; D.C. 7 - Austin 0
BOTTOM OF THE 7TH
Austin Rangers batting - Pitching for D.C. Divided : RHP Neil Gilliam
Batting: SHB Carlos Kramer 0-0: Ball
1-0: Ground out 6-3 (Groundball, 6M)
Batting: LHB Jesús Reyes 0-0: Ball
1-0: Ball
2-0: Ball
3-0: Base on Balls
Batting: RHB Jeff Green 0-0: Ball
1-0: Foul Ball, location: 2F
1-1: Foul Ball, location: 2F
1-2: Foul Ball, location: 2F
1-2: Ball
2-2: Ball
3-2: 2-RUN HOME RUN (Flyball, 7D), Distance : 398 ft
Batting: LHB Motoshige Kitamura 0-0: Ball
1-0: Foul Ball, location: 2F
1-1: Foul Ball, location: 2F
1-2: Ball
2-2: Ball
3-2: SINGLE (Line Drive, 4MD)
Batting: RHB José Muńóz 0-0: SINGLE (Flyball, 9S)
Motoshige Kitamura to second
Runner from 2nd tries for 3rd, SAFE, throw made to third
Batting: LHB Enrique Sánchez 0-0: Foul Ball, location: 2F
0-1: Swinging Strike
Passed Ball!
Motoshige Kitamura scores
José Muńóz to second
0-2: Ball
1-2: Ball
2-2: Fly out, F9 (Flyball, 9M)
Batting: RHB Yuji Ine 0-0: Called Strike
0-1: Called Strike
0-2: Ball
1-2: SINGLE (Line Drive, 89S)
José Muńóz to third
Runner from 3rd tries for Home, SAFE, no throw or cutoff
Batting: RHB Tony Hernández 0-0: Ball
1-0: SINGLE (Groundball, 56)
Yuji Ine to second
Batting: RHB Manny Freitas 0-0: Ball
1-0: Called Strike
1-1: Ball
2-1: Foul Ball, location: 2F
2-2: Ball
3-2: SINGLE (Groundball, 56)
Yuji Ine to third
Tony Hernández to second
Yuji Ine scores
Tony Hernández to third
Batting: SHB Carlos Kramer 0-0: Swinging Strike
0-1: SINGLE (Line Drive, 89S)
Tony Hernández scores
Manny Freitas to second
Runner from 2nd tries for 3rd, OUT!
Bottom of the 7th over - 6 run(s), 7 hit(s), 0 error(s), 1 left on base; D.C. 7 - Austin 6
TOP OF THE 8TH
D.C. Divided batting - Pitching for Austin Rangers : RHP Melvin Richards
Batting: LHB Brad Elmore 0-0: Called Strike
0-1: Foul Ball, location: 2F
0-2: Ground out 6-3 (Groundball, 6M)
Batting: RHB Duncan Thomas 0-0: Ball
1-0: Ball
2-0: Swinging Strike
2-1: Swinging Strike
2-2: Foul Ball, location: 2F
2-2: Ball
3-2: Base on Balls
Batting: LHB Ray Sears 0-0: Ball
1-0: Ball
2-0: Foul Ball, location: 2F
2-1: Fly out, F5 (Popup, 5SF)
Batting: LHB Mike Gardner 0-0: Swinging Strike
0-1: Ball
1-1: Foul Ball, location: 2F
1-2: SINGLE (Line Drive, 89S)
Duncan Thomas to second
Batting: RHB Miguel Silva 0-0: Swinging Strike
0-1: Ball
1-1: Swinging Strike
1-2: Strikes out swinging
Top of the 8th over - 0 run(s), 1 hit(s), 0 error(s), 2 left on base; D.C. 7 - Austin 6
BOTTOM OF THE 8TH
Austin Rangers batting - Pitching for D.C. Divided : RHP Neil Gilliam
Pitching: RHP Jesse Bowling
Batting: LHB Jesús Reyes 0-0: Called Strike
0-1: Ball
1-1: Ground out 4-3 (Groundball, 4)
Pitching: LHP Domingo Posadas
Batting: RHB Jeff Green 0-0: SINGLE (Flyball, 6MD)
Pinch Hitting: SHB Juan Sánchez 0-0: Ball
1-0: Fly out, F7 (Flyball, 78M)
Pitching: RHP Ed McWhannell
Batting: RHB José Muńóz 0-0: SINGLE (Groundball, 5D)
Jeff Green to second
Pitching: RHP Jeff Lee
Batting: LHB Enrique Sánchez 0-0: Called Strike
0-1: Ball
1-1: Ball
2-1: Ground out 4-3 (Groundball, 34)
Bottom of the 8th over - 0 run(s), 2 hit(s), 0 error(s), 2 left on base; D.C. 7 - Austin 6
TOP OF THE 9TH
D.C. Divided batting - Pitching for Austin Rangers : RHP Melvin Richards
Now in CF: Joseph Pate
Batting: LHB Charles Mathes 0-0: Ball
1-0: Foul Ball, location: 2F
1-1: Ball
2-1: Foul Ball, location: 2F
2-2: Foul Ball, location: 2F
2-2: Foul Ball, location: 2F
2-2: Strikes out swinging
Batting: LHB Keith Bridges 0-0: Called Strike
0-1: Swinging Strike
0-2: Ball
1-2: Foul Ball, location: 2F
1-2: DOUBLE (Line Drive, 78S)
Batting: LHB Jorge Aicón 0-0: Called Strike
0-1: Ball
1-1: Foul Ball, location: 2F
1-2: SINGLE (Line Drive, 89M)
Keith Bridges to third
Batting: RHB Cristo González 0-0: Ball
1-0: Called Strike
1-1: Foul Ball, location: 2F
1-2: Ball
2-2: Ball
3-2: 3-RUN HOME RUN (Flyball, 7D), Distance : 383 ft
Pitching: RHP Javier Hernández
Batting: LHB Brad Elmore 0-0: Ball
1-0: Ball
2-0: Ball
3-0: Called Strike
3-1: Foul Ball, location: 2F
3-2: Base on Balls
Batting: RHB Duncan Thomas 0-0: Ball
1-0: Ball
2-0: Ball
3-0: Base on Balls
Brad Elmore to second
Batting: LHB Ray Sears 0-0: Ball
1-0: Foul Ball, location: 2F
1-1: Ball
2-1: Ball
3-1: Called Strike
3-2: Strikes out looking
Batting: LHB Mike Gardner 0-0: Ball
1-0: Ball
2-0: Called Strike
2-1: Foul Ball, location: 2F
2-2: Ball
3-2: Foul Ball, location: 2F
3-2: Base on Balls
Brad Elmore to third
Duncan Thomas to second
Batting: RHB Miguel Silva 0-0: Ball
1-0: Ball
2-0: Swinging Strike
2-1: Foul Ball, location: 2F
2-2: Ball
3-2: Base on Balls
Brad Elmore scores
Duncan Thomas to third
Mike Gardner to second
Batting: LHB Charles Mathes 0-0: Swinging Strike
0-1: Ball
1-1: Called Strike
1-2: Foul Ball, location: 2F
1-2: Fly out, F7 (Flyball, 7M)
Top of the 9th over - 4 run(s), 3 hit(s), 0 error(s), 3 left on base; D.C. 11 - Austin 6
BOTTOM OF THE 9TH
Austin Rangers batting - Pitching for D.C. Divided : RHP Jeff Lee
Pitching: RHP Gabriel Hidalgo
Batting: RHB Yuji Ine 0-0: Ball
1-0: Called Strike
1-1: Swinging Strike
1-2: Foul Ball, location: 2F
1-2: Strikes out swinging
Batting: RHB Tony Hernández 0-0: Foul Ball, location: 2F
0-1: DOUBLE (Flyball, 9LD)
Batting: RHB Manny Freitas 0-0: Called Strike
0-1: Ball
1-1: Ball
2-1: Foul Ball, location: 2F
2-2: Ball
3-2: Foul Ball, location: 2F
3-2: Fly out, F6 (Popup, 6M)
Batting: SHB Carlos Kramer 0-0: SINGLE (Line Drive, 4MD)
Tony Hernández to third
Runner from 3rd tries for Home, SAFE, no throw or cutoff
Batting: LHB Jesús Reyes 0-0: Called Strike
0-1: Ball
1-1: Ball
2-1: Ball
3-1: Foul Ball, location: 2F
3-2: Foul Ball, location: 2F
3-2: Foul Ball, location: 2F
3-2: Fly out, F3 (Popup, 3SF)
Bottom of the 9th over - 1 run(s), 2 hit(s), 0 error(s), 1 left on base; D.C. 11 - Austin 7
This league is powered by Out of the Park Baseball, the baseball management simulation game for PC, Mac and Linux
Friday, July 8th, 2016 - OOTP Baseball 16.9 Build 39